 Dungeon Crawl Stone Soup version 0.25-a0-294-gea9b1ad378 (webtiles) character file.

Game seed: 4387743176887104889, levelgen mode: classic

47 Borgoz the Cutter (level 3, -6/23 HPs)
             Began as a Kobold Fighter on Dec 16, 2019.
             Killed by divine providence
             ... invoked by an orc priest
              (13 damage)
             ... on level 3 of the Dungeon.
             The game lasted 00:01:25 (1262 turns).

Borgoz the Cutter (Kobold Fighter)                  Turns: 1262, Time: 00:01:26

Health: -6/23      AC:  6    Str: 19    XL:     3   Next: 97%
Magic:  3/3        EV:  8    Int:  9    God:
Gold:   120        SH:  9    Dex: 14    Spells: 2/2 levels left

rFire    . . .     SeeInvis .   a - +0 rapier
rCold    . . .     Gourm    .   c - +0 shield
rNeg     . . .     Faith    .   b - +0 scale mail
rPois    .         Spirit   .   (no helmet)
rElec    .         Reflect  .   (no cloak)
rCorr    .         Harm     .   (no gloves)
MR       .....                  (no boots)
Stlth    ..........             (no amulet)
HPRegen  0.07/turn              (no ring)
MPRegen  0.08/turn              (no ring)

@: mighty
A: small, carnivore
a: no special abilities


You were on level 3 of the Dungeon.
You were completely stuffed.

You visited 1 branch of the dungeon, and saw 3 of its levels.

You collected 120 gold pieces.

Inventory:

Hand Weapons
 a - a +0 rapier (weapon)
Armour
 b - a +0 scale mail (worn)
 c - a +0 shield (worn)
Jewellery
 g - a +3 ring of dexterity {unknown}
 p - an uncursed ring of ice {unknown}
Scrolls
 e - 2 scrolls of teleportation {unknown}
 h - 2 scrolls of enchant weapon {unknown}
 i - 4 scrolls of identify {unknown}
 j - a scroll of blinking {unknown}
 l - 3 scrolls of enchant armour {unknown}
 m - 4 scrolls of magic mapping {unknown}
 r - a scroll of amnesia {unknown}
 t - a scroll of random uselessness {unknown}
 v - a scroll of fear {unknown}
Potions
 k - a potion of curing {unknown}
 n - a potion of ambrosia {unknown}
 o - a potion of resistance {unknown}
 q - a potion of flight {unknown}
 s - 2 potions of brilliance {unknown}
 u - a potion of lignification {unknown}
Comestibles
 f - 7 rations
 w - a chunk of flesh


   Skills:
 - Level 3.2 Fighting
 + Level 4.1 Short Blades
 + Level 3.1 Armour
 - Level 2.4 Shields


You had 2 spell levels left.
You didn't know any spells.
Your spell library was empty.

Dungeon Overview and Level Annotations

Branches:
Dungeon (3/15)

Altars:
Cheibriados
Elyvilon
Nemelex Xobeh


Innate Abilities, Weirdness & Mutations

You are small and have problems with some larger weapons.
You are carnivorous and can eat meat at any time.


Message History

You are too injured to fight recklessly!
Unknown command.
You feel very mighty all of a sudden.
The orc priest hits you but does no damage.
An orc wizard comes into view. It is wielding a +0 dagger.
The kobold barely misses you. The orc hits you with a +0 whip.
* * * LOW HITPOINT WARNING * * *
The orc priest closely misses you.
You see here 9 gold pieces.
Unknown command.
The orc wizard shouts!
You hit the orc priest.
The orc priest is moderately wounded.
You hear a shout!
You hear an angry hiss.
An orc comes into view. It is wielding a +0 trident.
You block the kobold's attack. The orc hits you but does no damage.
The orc priest calls down the wrath of Beogh upon you.
Beogh smites you!
Ouch! That really hurt!
You die...

.... #.# ... ..# .. ..#.#
### #.# #.#..# ......o
.....# #.#.#o#g#.#.# #
##....oKo(...#.#
#.#.#.#@#.#.#..#
..................#
..#.#.#.#.#.#.#.#.# ..###
..................# ..#..
.....#.#.#.#.#.#..# ..#.#
#.................
#.#.###.###.#.#.#.#.#...#
#.#.#.................#.#
#.#.#.#.##...#.#.#.#..# #


You could see an orc priest, an orc wizard, 2 orcs, a goblin and a kobold.

Vanquished Creatures
  An adder (D:2)
  2 worms (D:2)
  2 leopard geckos
  3 bats (D:1)
  2 giant cockroaches
  6 goblins
  2 hobgoblins
  A quokka (D:2)
  2 ball pythons
  2 frilled lizards
  4 kobolds
  2 rats (D:2)
29 creatures vanquished.

Notes
Turn   | Place    | Note
-------+----------+-------------------------------------------
     0 | D:1      | Borgoz the Kobold Fighter began the quest for the Orb.
     0 | D:1      | Reached XP level 1. HP: 14/14 MP: 1/1
   157 | D:1      | Found a snail-covered altar of Cheibriados.
   393 | D:1      | Reached skill level 3 in Short Blades
   415 | D:1      | Reached XP level 2. HP: 17/19 MP: 2/2
   756 | D:2      | Reached XP level 3. HP: 18/23 MP: 3/3
   886 | D:2      | Reached skill level 4 in Short Blades
   980 | D:2      | Found a white marble altar of Elyvilon.
  1062 | D:2      | Found a sparkling altar of Nemelex Xobeh.
  1262 | D:3      | Killed from afar by an orc priest

Levels and vault maps discovered:
D:1:      scummos_arrival_forest, layout_loops_cross, cheibriados_altar_1
D:2:      layout_rooms, nemelex_altar_shiori, elyvilon_altar_1
D:3:      layout_basic, hex_medium, uniq_robin

Skill      XL: |  1  2  3 |
---------------+----------+-----
Short Blades   | 3 4 |  4.1
Armour         | 3 |  3.1
Fighting       | |  3.2
Shields        | |  2.4

Action                   || total
-------------------------++-------
Melee: Rapier            ||   107
  Use: Potion            ||     1
  Eat: Chunk             ||    10
Armor: Scale mail        ||    30
Dodge: Dodged            ||    43
Block: Shield            ||    50

Table legend:
 A = Non-vault XP
 B = Vault XP
 C = Vault XP percentage of total XP
 D = Non-vault monster count
 E = Vault monster count
 F = Vault count percentage of total count
                 A         B        C        D         E       F
            +---------+---------+-------+---------+---------+-------
      Total |      68 |       0 |   0.0 |      29 |       0 |   0.0
            +---------+---------+-------+---------+---------+-------
        D:1 |      23 |       0 |   0.0 |      13 |       0 |   0.0
        D:2 |      42 |       0 |   0.0 |      14 |       0 |   0.0
        D:3 |       3 |       0 |   0.0 |       2 |       0 |   0.0
            +---------+---------+-------+---------+---------+-------
